 Dungeon Crawl Stone Soup version 0.29-a0-330-g52719c12eb (webtiles) character file.

Game seed: 403515873300155346

112 kipponium the Twirler (level 4, -1/33 HPs)
             Began as a Demonspawn Gladiator on Apr 12, 2022.
             Slain by Edmund
             ... wielding a +1 flail of holy wrath
              (5 damage)
             ... on level 3 of the Dungeon.
             The game lasted 00:06:13 (2667 turns).

kipponium the Twirler (Demonspawn Gladiator)        Turns: 2667, Time: 00:06:14

Health: -1/33      AC:  6    Str: 17    XL:     4   Next: 64%
Magic:  4/4        EV: 13    Int:  9    God:
Gold:   201        SH:  0    Dex: 20    Spells: 3/3 levels left

rFire   . . .      SeeInvis .   a - +0 quarterstaff
rCold   . . .      Faith    .   (shield currently unavailable)
rNeg    . . .      Spirit   .   b - +0 leather armour
rPois   .          Reflect  .   c - +0 helmet
rElec   .          Harm     .   (no cloak)
rCorr   .          Rampage  .   (no gloves)
Will    .....                   n - +1 pair of boots
Stlth   +.........              l - amulet of the acrobat
HPRegen 0.11/turn               m - +6 ring of dexterity
MPRegen 0.18/turn               (no ring)

@: no status effects
A: powered by death 1, magic regeneration
a: no special abilities


You were on level 3 of the Dungeon.
You visited 1 branch of the dungeon, and saw 4 of its levels.

You collected 201 gold pieces.

Inventory:

Hand Weapons
 a - a +0 quarterstaff (weapon)
Armour
 b - a +0 leather armour (worn)
 c - a +0 helmet (worn)
 n - a +1 pair of boots (worn)
Jewellery
 l - an amulet of the acrobat (around neck)
 m - a +6 ring of dexterity (left hand)
Wands
 s - a wand of flame (20) (quivered)
 y - a wand of polymorph (5)
Scrolls
 h - 2 scrolls of blinking {unknown}
 j - a scroll of fog {unknown}
 k - 2 scrolls of vulnerability {unknown}
 p - 2 scrolls of noise {unknown}
 t - a scroll of holy word {unknown}
 u - a scroll of immolation {unknown}
 v - a scroll of magic mapping {unknown}
 z - a scroll of brand weapon {unknown}
Potions
 f - a potion of curing
 i - 2 potions of lignification {unknown}
 q - 2 potions of attraction {unknown}
 r - a potion of might {unknown}
 w - a potion of brilliance {unknown}
 x - a potion of flight {unknown}


   Skills:
 - Level 2.0 Fighting
 * Level 5.0 Staves
 - Level 1.7 Throwing
 - Level 2.6 Dodging


You had 3 spell levels left.
You didn't know any spells.
Your spell library contained the following spells:

 Spells                   Type           Power      Damage    Failure   Level
 Corpse Rot               Necr/Air       0%         N/A       58%         2
 Poisonous Vapours        Pois/Air       0%         N/A       58%         2


Dungeon Overview and Level Annotations

Branches:
Dungeon (4/15)
 Temple: D:4-7

Altars:

Shops:
D:1 =   D:2 *

Annotations:
D:1 diggable shop
D:2 Sigmund
D:3 Edmund
D:4 Natasha, Robin


Innate Abilities, Weirdness & Mutations

You regenerate a little health from kills.
You regenerate magic rapidly.


Message History

Edmund struggles against the net.
You catch the helpless Edmund completely off-guard!
You hit Edmund.
Edmund is moderately wounded.
Edmund struggles against the net.
You thump Edmund!
Edmund is heavily wounded.
Edmund clears his throat.
Edmund struggles against the net.
You sock Edmund!
Edmund is heavily wounded.
Edmund struggles against the net.
The net rips apart, and Edmund comes free!
Throw: throwing net
Press: ? - help, Q - select action, (/) - cycle Shift-Dir - straight line, f/p - Edmund
Aim: Edmund, wielding a +1 flail of holy wrath and wearing a +0 scale mail (heavily wounded, 66% to hit)
You throw a throwing net. The throwing net barely misses Edmund.
Edmund barely misses you.
Aiming: Throw Flame
Press: ? - help, Q - select action, (/) - cycle Shift-Dir - straight line, f/p - Edmund
Aim: Edmund, wielding a +1 flail of holy wrath and wearing a +0 scale mail (heavily wounded, 72% to hit)
The puff of flame hits Edmund!
Edmund is severely wounded.
Edmund hits you with a +1 flail of holy wrath!
You convulse.
Aiming: Throw Flame
Press: ? - help, Q - select action, (/) - cycle Shift-Dir - straight line, f/p - Edmund
Aim: Edmund, wielding a +1 flail of holy wrath and wearing a +0 scale mail (severely wounded, 72% to hit)
The puff of flame hits Edmund but does no damage.
Edmund is severely wounded.
Edmund hits you with a +1 flail of holy wrath.
You convulse!
* * * LOW HITPOINT WARNING * * *
Edmund attacks as you move away! Edmund misses you.
Okay, then.
As you read the scroll labelled KAUGEU CIAR, it crumbles to dust.
It is a scroll of amnesia.
You feel forgetful for a moment.
Edmund hits you with a +1 flail of holy wrath.
You die...

#.#######.....#
#.# #.##### #.#
##.## #.# #...#
#.# #...# #.#
#...# #.# ##.##
#.# #.######## #@#
#........# #@#
#..#####.. #.#
#..# ### #.# #..#
#.# #..#######
#.#######.........
#..(.)...(†).####.
##########>..# #.
#)).# #.


You could see Edmund.

Vanquished Creatures
  4 adders
  2 dart slugs
  3 orcs
  6 endoplasms
  A giant cockroach (D:1)
  12 goblins
  12 hobgoblins
  5 jackals (D:1)
  3 ball pythons
  4 bats
  2 frilled lizards
  3 kobolds
  5 rats (D:1)
62 creatures vanquished.

Notes
Turn   | Place    | Note
-------+----------+-------------------------------------------
     0 | D:1      | kipponium the Demonspawn Gladiator began the quest for the
                  | Orb.
     0 | D:1      | Reached XP level 1. HP: 16/16 MP: 1/1
   131 | D:1      | Reached skill level 3 in Staves
   156 | D:1      | Found Ejomod's Jewellery Emporium.
   177 | D:1      | Gained mutation: You regenerate magic rapidly. [demonic
                  | ancestry]
   177 | D:1      | Reached XP level 2. HP: 22/22 MP: 2/2
   583 | D:1      | Reached XP level 3. HP: 15/27 MP: 3/3
   828 | D:1      | Found a faded altar of an unknown god.
  1093 | D:2      | Reached skill level 4 in Staves
  1341 | D:2      | Found Ekef's Assorted Antiques.
  1544 | D:2      | Noticed Sigmund
  1783 | D:3      | Gained mutation: You regenerate a little health from kills.
                  | [demonic ancestry]
  1783 | D:3      | Reached XP level 4. HP: 22/33 MP: 4/4
  2505 | D:4      | Noticed Natasha
  2554 | D:4      | Noticed a black bear
  2555 | D:4      | Noticed a scorpion
  2611 | D:4      | Noticed Robin
  2611 | D:4      | Noticed Edmund
  2641 | D:3      | Reached skill level 5 in Staves
  2667 | D:3      | Slain by Edmund

Illustrated notes

Levels and vault maps discovered:
D:1:      minmay_arrival_shoal_huts, layout_rooms, serial_forest,
          infiniplex_forest_lined_1, infiniplex_forest_corner_2,
          infiniplex_forest_lined_4_way, infiniplex_forest_lined_2,
          infiniplex_forest_corner_1, infiniplex_forest_clump_small,
          shapermc_ecumenical_altar_mp_ritualfount, serial_shops, shop_statue,
          minmay_tetromino_i4
D:2:      layout_basic, serial_shops, nicolae_shop_hallway_plus, uniq_sigmund
D:3:      layout_loops_ring, corexii_hall_statues_t
D:4:      dreamdust_elfheim, layout_cave_pods, temple_doors_e, serial_shops,
          nicolae_take_the_stairs, uniq_robin, uniq_edmund, uniq_menkaure,
          uniq_natasha

Skill      XL: |  1  2  3  4 |
---------------+-------------+-----
Staves         | 3 4 5 |  5.0
Fighting       | |  2.0
Throwing       | |  1.7
Dodging        | |  2.6

Action                   |  1- 3 |  4- 6 || total
-------------------------+-------+-------++-------
Melee: Quarterstaff      |   113 |    61 ||   174
Throw: Throwing net      |       |     3 ||     3
       Dart              |       |     2 ||     2
       Javelin           |       |     1 ||     1
Evoke: Wand              |       |     2 ||     2
  Use: Potion            |     2 |       ||     2
       Scroll            |       |     1 ||     1
 Stab: Sleeping          |     1 |     2 ||     3
       Held in net/web   |       |     2 ||     2
Armor: Leather armour    |    44 |    38 ||    82
Dodge: Dodged            |    92 |    65 ||   157

Table legend: (Time is in decaauts)
 A = Elapsed time spent in this place.
 B = Non-inter-level travel time spent in this place.
 C = Inter-level travel time spent in this place.
 D = Time resting spent in this place.
 E = Time spent auto-exploring this place.
 F = Levels seen in this place.
 G = Mean time per level.
                   A        B        C        D        E       F      G
               +--------+--------+--------+--------+--------+-----+--------+
         Total |   2690 |   2514 |    176 |    513 |   1415 |   4 |  672.5 |
       Dungeon |   2690 |   2514 |    176 |    513 |   1415 |   4 |  672.5 |
               +--------+--------+--------+--------+--------+-----+--------+

Top non-repeatable levels by time:
     D:1: 1045 daAuts
     D:3: 1031 daAuts
     D:2: 596 daAuts
     D:4: 17 daAuts
